 Dungeon Crawl Stone Soup version 0.17.2-1-ge4368a0 (webtiles) character file.

16 ololoev the Skirmisher (level 2, 1/24 HPs)
             Began as a Demonspawn Fighter on Oct 25, 2016.
             Quit the game on level 2 of the Dungeon.
             The game lasted 00:00:44 (110 turns).

ololoev the Skirmisher (Demonspawn Fighter)          Turns: 110, Time: 00:00:45

Health: 1/24       AC:  7    Str: 21    XL:     2   Next: 37%
Magic:  2/2        EV:  7    Int:  9    God:
Gold:   14         SH:  9    Dex: 14    Spells: 0 memorised, 1 level left

rFire  . . .     SeeInvis .     a - +0 war axe
rCold  . . .     Clarity  .     b - +0 scale mail
rNeg   . . .     SustAt   .     c - +0 shield
rPois  .         Gourm    .     g - +0 helmet
rElec  .         Spirit   .     (no cloak)
rCorr  .         Warding  .     (no gloves)
rMut   .         Stasis   .     (no boots)
MR     .....                    (no amulet)
Stlth  +.........               (no ring)
                                (no ring)

@: mighty, lethally poisoned (1 -> 0), not resistant to hostile enchantments,
very unstealthy
A: thin skeletal structure 1
a: no special abilities


Innate Abilities, Weirdness & Mutations

You have a somewhat thin skeletal structure (Dex +2, Stealth).

Inventory:

Hand Weapons
 a - a +0 war axe (weapon)
Armour
 b - a +0 scale mail (worn)
 c - a +0 shield (worn)
 g - a +0 helmet (worn)
Scrolls
 f - a scroll of magic mapping {unknown}
 i - a scroll of random uselessness {unknown}
Potions
 h - a potion of flight {unknown}
Comestibles
 e - 2 bread rations


   Skills:
 + Level 3.2 Fighting
 * Level 2.2 Axes
 + Level 2.9 Armour
 - Level 2.6 Shields


You had one spell level left.
You didn't know any spells.


You were on level 2 of the Dungeon.
You were not hungry.

You visited 1 branch of the dungeon, and saw 2 of its levels.

You collected 14 gold pieces.

#. ......# #.#
#......#
.#..######...?..#
........##......#.##
......................
........##............
........##............
..<..[†..@............
........##.##.........
........#...#.......#
#...................#
#...................#
.............†.#....#
#.#........#.....####
#.#.....)...(.....#
#.................

Notes
Turn   | Place    | Note
--------------------------------------------------------------
     0 | D:1      | ololoev the Demonspawn Fighter began the quest for the Orb.
     0 | D:1      | Reached XP level 1. HP: 18/18 MP: 1/1
    93 | D:2      | Gained mutation: You have a somewhat thin skeletal structure (Dex +2, Stealth). [demonic ancestry]
    93 | D:2      | Reached XP level 2. HP: 8/24 MP: 2/2
   104 | D:2      | HP: 1/24 [giant newt (3)]
   110 | D:2      | Quit the game

Dungeon Overview and Level Annotations

Branches:
Dungeon (2/15)

Altars:


Message History

The adder bites you.
You are poisoned.
The adder poisons you! The adder barely misses you.
You are too injured to fight recklessly!
You are too injured to fight recklessly!
You are too injured to fight recklessly!
You slash the adder!
The adder is heavily wounded.
You feel sick. The adder bites you. You block the adder's attack.
You slash the adder!
You kill the adder!
Your Axes skill increases to level 2!
You have reached level 2!
Your demonic ancestry asserts itself...
Your bones become slightly less dense.
You feel sick.
You now have 14 gold pieces (gained 6).
You feel sick.
You feel sick.
Found a scroll labeled DYCKOOTOKY.
A giant newt comes into view.
You feel sick.
Found a stone staircase leading up.
An ooze comes into view.
The ooze quivers.
You see here a scroll labeled JOMYTIZISS.
i - a scroll labeled JOMYTIZISS Drink which item? (? for menu, Esc to quit)
You feel very mighty all of a sudden.
You feel sick. The giant newt bites you.
Your shield and scale mail prevent you from hitting the giant newt.
The giant newt bites you but does no damage.
You slash the giant newt!
You kill the giant newt!
You slash the ooze!
The ooze is almost dead.
The ooze barely misses you. The ooze hits you but does no damage.
You slash the ooze!
You kill the ooze!
You feel sick.
Are you sure you want to abandon this character and quit the game? (Confirm with "yes".)

There were no monsters in sight!

Vanquished Creatures
  An adder (D:2)
  An ooze (D:2)
  A giant newt (D:2)
  A goblin (D:1)
4 creatures vanquished.

Action                   || total
-------------------------++-------
Melee: War axe           ||    17
  Use: Potion            ||     1

Vault maps used:
D:1:      dpeg_arrival_lava_altar
D:2:      nicolae_overflow_crystal_walls
